Little Stars vs Carnivores
Created - January 31, 2018 at 23:16
Goals
|
Little Stars |
2 |
0 |
0 |
2 |
Carnivores |
1 |
2 |
2 |
5 |
|
Shots
|
Little Stars |
13 |
11 |
8 |
32 |
Carnivores |
11 |
11 |
7 |
29 |
|
1st period
1. Little Stars , Alexander Vasyunov 13 (Mathieu Perreault 22, Alex Chiasson 56) at 12:52
2. Little Stars , Brian Flynn 19 (Alex Chiasson 57, Shawn Matthias 30) at 14:43 (PP)
3. Carnivores , Markus Granlund 8 (Brendan Gallagher 21, Steve Begin 4) at 17:26
Penalties :
Scott Laughton (Bre) for Hooking (Minor) at 14:28, Brendan Gallagher (Bre) for Slashing (Minor) at 15:06
2nd period
4. Carnivores , Steve Begin 1 (Brendan Gallagher 22, Bobby Sanguinetti 15) at 6:44
5. Carnivores , Brendan Gallagher 25 (Zack Smith 13) at 17:32
Penalties :
Alex Chiasson (Tex) for Tripping (Minor) at 0:28, Daniel O'regan (Tex) for Tripping (Minor) at 13:58
3rd period
6. Carnivores , Bobby Sanguinetti 2 (Adam Pelech 7, Mike McKenna) at 7:16 (PP)
7. Carnivores , Anton Gustafsson 14 (Brendan Gallagher 23) at 19:54
Penalties :
Steve Begin (Bre) for Hooking (Minor) at 0:14, Mathieu Perreault (Tex) for Hooking (Minor) at 7:07, Jesper Fast (Tex) for Roughing (Minor) at 12:52, Nicolas Kerdiles (Bre) for Hooking (Minor) at 15:48, David Schlemko (Bre) for Tripping (Minor) at 19:16, Dana Tyrell (Tex) for High sticking (Minor) at 19:42
Goalie Stats
Jhonas Enroth (Tex), 24 saves from 29 shots - (0.828), L, 25-11-1, 60:00 minutes
Mike McKenna (Bre), 30 saves from 32 shots - (0.938), W, 8-3-2, 60:00 minutes
Players Stats for Little Stars
Player Name G A P +/- PIM S H SB GA TA FO MP PP MP PK MP
------------------------------------------------------------------------------------
Alex Chiasson 0 2 2 -1 2 1 1 1 1 1 2/5 21:13 3:49 2:02
Alexander Vasyunov 1 0 1 0 0 2 1 1 0 0 2/2 12:38 0:00 1:58
Andrej Sustr 0 0 0 0 0 2 1 0 1 2 0/0 26:20 3:51 3:00
Brian Flynn 1 0 1 0 0 3 0 1 1 0 12/24 20:20 3:49 1:06
Dana Tyrell 0 0 0 -1 2 3 3 1 1 0 2/9 15:10 2:45 0:34
Daniel O'regan 0 0 0 0 2 1 2 0 0 0 0/0 9:21 0:00 0:53
Hugh Jessiman 0 0 0 -1 0 4 2 0 0 0 0/0 16:15 2:46 1:06
Jesper Fast 0 0 0 -1 2 0 2 0 0 1 0/0 11:56 0:03 0:00
Jesse Joensuu 0 0 0 -1 0 0 0 0 1 0 0/0 16:05 2:46 1:28
Jordie Benn 0 0 0 -2 0 2 1 1 0 0 0/0 20:26 2:47 3:06
Mathieu Perreault 0 1 1 -1 2 3 1 1 1 0 1/2 11:22 0:03 0:00
Nail Yakupov 0 0 0 -1 0 3 1 0 0 0 1/1 8:50 0:03 0:00
Niklas Hjalmarsson 0 0 0 0 0 2 0 2 0 1 0/0 26:20 3:51 3:00
Robert Klinkhammer 0 0 0 0 0 2 1 0 0 0 0/0 8:26 0:00 0:00
Shawn Matthias 0 1 1 -1 0 2 1 2 0 0 1/4 21:56 3:49 3:05
Tyler Wotherspoon 0 0 0 -1 0 0 0 1 0 0 0/0 13:14 0:00 0:00
Tyson Barrie 0 0 0 -1 0 0 1 0 0 0 0/0 13:14 0:00 0:00
Yannick Weber 0 0 0 -2 0 2 2 2 0 0 0/0 20:26 2:47 3:06
Players Stats for Carnivores
Player Name G A P +/- PIM S H SB GA TA FO MP PP MP PK MP
------------------------------------------------------------------------------------
Adam Pelech 0 1 1 1 0 0 1 0 0 0 0/0 9:14 3:40 0:00
Anton Gustafsson 1 0 1 3 0 2 5 0 0 1 15/29 21:45 3:15 3:48
Blake Geoffrion 0 0 0 0 0 1 0 0 0 0 1/1 15:17 2:37 0:15
Bobby Sanguinetti 1 1 2 1 0 3 1 2 0 0 0/0 24:41 3:40 2:47
Brendan Gallagher 1 3 4 4 2 3 2 1 3 0 0/0 21:29 3:15 2:42
Chris Lawrence 0 0 0 0 0 0 0 0 0 1 1/1 15:32 0:14 1:04
David Schlemko 0 0 0 2 2 1 3 0 0 0 0/0 10:30 0:00 0:00
Frederic St-Denis 0 0 0 0 0 0 0 0 0 0 0/0 8:22 0:00 2:47
Jeremy Welsh 0 0 0 -1 0 0 1 0 0 0 0/0 9:05 0:00 0:00
Jeremy Williams 0 0 0 -1 0 2 1 0 0 0 0/1 11:23 2:37 0:00
Josh Manson 0 0 0 2 0 0 1 0 0 2 0/0 10:31 0:00 0:00
Mark McNeill 0 0 0 0 0 2 0 0 0 1 0/0 8:52 0:00 0:00
Markus Granlund 1 0 1 0 0 3 0 0 0 0 3/4 10:53 0:00 0:26
Mat Clark 0 0 0 -1 0 1 2 0 0 0 0/0 16:17 2:26 0:00
Nate Schmidt 0 0 0 1 0 1 3 3 0 0 0/0 19:59 0:00 3:51
Nicolas Kerdiles 0 0 0 0 2 0 0 1 0 0 0/0 11:35 0:14 1:22
Sasha Pokulok 0 0 0 0 0 0 0 4 1 1 0/0 20:25 2:26 3:51
Scott Laughton 0 0 0 0 2 2 3 0 0 0 4/7 17:06 2:33 2:15
Steve Begin 1 1 2 3 2 7 2 2 1 0 2/4 20:37 3:15 1:24
Zack Smith 0 1 1 0 0 1 0 0 0 0 0/0 9:27 0:18 0:00
3 Stars
1 - Brendan Gallagher (Bre)
2 - Anton Gustafsson (Bre)
3 - Steve Begin (Bre)
Power Play
Little Stars - 1 on 5 Attempt(s) - 20.00%
Carnivores - 1 on 5 Attempt(s) - 20.00%
Penalty Kill
Little Stars - 4 on 5 Attempt(s) - 80.00%
- Score 0 goal in Penalty Kill
Carnivores - 4 on 5 Attempt(s) - 80.00%
- Score 0 goal in Penalty Kill
Team Stat
Little Stars - Hits : 20 - Faceoff Wins : 21 - Blocked Shots : 13 - Penalty Minutes : 10
Carnivores - Hits : 25 - Faceoff Wins : 26 - Blocked Shots : 13 - Penalty Minutes : 10
Official
Referees : Marouelli Dan and Ciamaga Chris
Linesman : Vaughan Rody and Brad Kovachik
Game Notes
No Game Note
Finance
Level 1 -- Attendance: 1561 (78.05%) -- Ticket Income $62,440
Level 2 -- Attendance: 755 (75.50%) -- Ticket Income $15,100
Total Attendance: 2316 (77.20%)
Total Ticket Income: $77,540
Other Income: $3,877
Total Income: $81,417
Little Stars
5 vs 5 Forward
Center Left Wing Right Wing Time % Phy DF OF
1 Brian Flynn Shawn Matthias Alex Chiasson 40 1 2 2
2 Dana Tyrell Jesse Joensuu Hugh Jessiman 30 1 2 2
3 Mathieu Perreault Alexander Vasyunov Jesper Fast 20 1 2 2
4 Daniel O'regan Robert Klinkhammer Nail Yakupov 10 1 2 2
5 vs 5 Defense
Defense Defense Time % Phy DF OF
1 Niklas Hjalmarsson Andrej Sustr 40 1 2 2
2 Yannick Weber Jordie Benn 30 1 2 2
3 Tyson Barrie Tyler Wotherspoon 20 1 2 2
4 Niklas Hjalmarsson Andrej Sustr 10 1 2 2
PowerPlay Forward
Center Left Wing Right Wing Time % Phy DF OF
1 Brian Flynn Shawn Matthias Alex Chiasson 60 1 2 2
2 Dana Tyrell Jesse Joensuu Hugh Jessiman 40 1 2 2
PowerPlay Defense
Defense Defense Time % Phy DF OF
1 Niklas Hjalmarsson Andrej Sustr 60 1 2 2
2 Yannick Weber Jordie Benn 40 1 2 2
Penalty Kill 4 Players Forward
Center Wing Time % Phy DF OF
1 Alex Chiasson Shawn Matthias 60 1 2 2
2 Hugh Jessiman Brian Flynn 40 1 2 2
Penalty Kill 4 Players Defense
Defense Defense Time % Phy DF OF
1 Niklas Hjalmarsson Andrej Sustr 60 1 2 2
2 Yannick Weber Jordie Benn 40 1 2 2
Penalty Kill - 3 Players Forward
Forward Time % Phy DF OF
1 Alex Chiasson 60 1 2 2
2 Shawn Matthias 40 1 2 2
Penalty Kill - 3 Players Defense
Defense Defense Time % Phy DF OF
1 Niklas Hjalmarsson Andrej Sustr 60 1 2 2
2 Yannick Weber Jordie Benn 40 1 2 2
4 vs 4 Forward
Center Wing Time % Phy DF OF
1 Alex Chiasson Shawn Matthias 60 1 2 2
2 Hugh Jessiman Brian Flynn 40 1 2 2
4 vs 4 Defense
Defense Defense Time % Phy DF OF
1 Niklas Hjalmarsson Andrej Sustr 60 1 2 2
2 Yannick Weber Jordie Benn 40 1 2 2
Last Minutes Offensive
Center Left Wing Right Wing Defense Defense
Brian Flynn Shawn Matthias Alex Chiasson Niklas Hjalmarsson Andrej Sustr
Last Minutes Defensive
Center Left Wing Right Wing Defense Defense
Brian Flynn Shawn Matthias Alex Chiasson Niklas Hjalmarsson Andrej Sustr
Goaltenders
Starting : Jhonas Enroth
Backup : Peter Delmas
Extra Forwards
Normal : Mathieu Perreault, Jesper Fast, Alexander Vasyunov - PP : Mathieu Perreault, Jesper Fast - PK : Alexander Vasyunov
Extra Defensemen
Normal : Tyson Barrie, Tyler Wotherspoon, Yannick Weber - PP : Tyson Barrie - PK : Tyler Wotherspoon, Yannick Weber
Penalty Shots
Alex Chiasson, Shawn Matthias, Hugh Jessiman, Brian Flynn, Dana Tyrell
Scratches
Michael Mersch (Healthy), Scott Harrington (Healthy), Reece Willcox (Healthy), Ville Pokka (Healthy), Alexander Khokhlachev (Healthy)
Phil Oreskovic (Right Forearm Injury), Anthony Camara (Healthy), Daniel Catenacci (Healthy), Duncan Siemens (Healthy), Dillon Simpson (Healthy)
Scott Kosmachuck (Healthy), Anthony Stolarz (Healthy)
Carnivores
5 vs 5 Forward
Center Left Wing Right Wing Time % Phy DF OF
1 Anton Gustafsson Steve Begin Brendan Gallagher 40 1 2 2
2 Scott Laughton Blake Geoffrion Chris Lawrence 30 1 2 2
3 Markus Granlund Jeremy Welsh Jeremy Williams 20 1 2 2
4 Zack Smith Nicolas Kerdiles Mark McNeill 10 1 2 2
5 vs 5 Defense
Defense Defense Time % Phy DF OF
1 Bobby Sanguinetti Nate Schmidt 40 1 2 2
2 Mat Clark Sasha Pokulok 30 1 2 2
3 Josh Manson David Schlemko 20 1 2 2
4 Frederic St-Denis Adam Pelech 10 1 2 2
PowerPlay Forward
Center Left Wing Right Wing Time % Phy DF OF
1 Anton Gustafsson Steve Begin Brendan Gallagher 60 1 2 2
2 Scott Laughton Blake Geoffrion Jeremy Williams 40 1 2 2
PowerPlay Defense
Defense Defense Time % Phy DF OF
1 Adam Pelech Bobby Sanguinetti 60 1 2 2
2 Sasha Pokulok Mat Clark 40 1 2 2
Penalty Kill 4 Players Forward
Center Wing Time % Phy DF OF
1 Anton Gustafsson Brendan Gallagher 60 1 2 2
2 Chris Lawrence Steve Begin 40 1 2 2
Penalty Kill 4 Players Defense
Defense Defense Time % Phy DF OF
1 Sasha Pokulok Nate Schmidt 60 1 2 2
2 Bobby Sanguinetti Frederic St-Denis 40 1 2 2
Penalty Kill - 3 Players Forward
Forward Time % Phy DF OF
1 Brendan Gallagher 60 1 2 2
2 Anton Gustafsson 40 1 2 2
Penalty Kill - 3 Players Defense
Defense Defense Time % Phy DF OF
1 Sasha Pokulok Nate Schmidt 60 1 2 2
2 Bobby Sanguinetti Frederic St-Denis 40 1 2 2
4 vs 4 Forward
Center Wing Time % Phy DF OF
1 Anton Gustafsson Brendan Gallagher 60 1 2 2
2 Scott Laughton Steve Begin 40 1 2 2
4 vs 4 Defense
Defense Defense Time % Phy DF OF
1 Adam Pelech Sasha Pokulok 60 1 2 2
2 Frederic St-Denis Nate Schmidt 40 1 2 2
Last Minutes Offensive
Center Left Wing Right Wing Defense Defense
Anton Gustafsson Steve Begin Brendan Gallagher Nate Schmidt Bobby Sanguinetti
Last Minutes Defensive
Center Left Wing Right Wing Defense Defense
Anton Gustafsson Steve Begin Brendan Gallagher Sasha Pokulok Nate Schmidt
Goaltenders
Starting : Mike McKenna
Backup : Daniel Altshuller
Extra Forwards
Normal : Scott Laughton, Jeremy Williams, Brendan Gallagher - PP : Jeremy Williams, Zack Smith - PK : Scott Laughton
Extra Defensemen
Normal : Mat Clark, Josh Manson, Adam Pelech - PP : Mat Clark - PK : Adam Pelech, Josh Manson
Penalty Shots
Chris Lawrence, Brendan Gallagher, Blake Geoffrion, Steve Begin, Jeremy Welsh
Scratches
Mark Jankowski (Healthy), Colton Orr (Healthy), Mattias Backman (Healthy), Ryan Murray (Abdomen/Ribs Injury), Adam Almquist (Healthy)
Stanislav Galiev (Healthy), Mark MacMillan (Healthy), Tyler Graovac (Healthy), Patrick McNeill (Healthy), Troy Bourke (Healthy)
Alexandre Mallet (Healthy), Michael Schumacher (Healthy), Antti Raanta (Healthy)
% Time on Ice - Little Stars
Lines # - Real PCT - Wanted PCT - Time Play
Normal Forward
1 - 33% - 40% - 15:28
2 - 26% - 30% - 12:26
3 - 23% - 20% - 10:39
4 - 18% - 10% - 8:26
Normal Defense
1 - 38% - 40% - 17:58
2 - 31% - 30% - 14:33
3 - 28% - 20% - 13:14
4 - 3% - 10% - 1:14
PP Forward
1 - 58% - 60% - 3:52
2 - 42% - 40% - 2:46
PP Defense
1 - 58% - 60% - 3:51
2 - 42% - 40% - 2:47
PK Forward
1 - 82% - 60% - 5:00
2 - 18% - 40% - 1:06
PK Defense
1 - 49% - 60% - 3:00
2 - 51% - 40% - 3:06
PK3 Forward
1 - 0% - 60%
2 - 0% - 40%
PK3 Defense
1 - 0% - 60%
2 - 0% - 40%
44 Forward
1 - 100% - 60% - 0:17
2 - 0% - 40% - 0:00
44 Defense
1 - 100% - 60% - 0:17
2 - 0% - 40% - 0:00
Last Minute Offensive - 0:00
Last Minute Defensive - 0:00
Total
Forward - 60:00
Defense - 60:00
|
% Time on Ice - Carnivores
Lines # - Real PCT - Wanted PCT - Time Play
Normal Forward
1 - 34% - 40% - 15:46
2 - 28% - 30% - 13:16
3 - 19% - 20% - 9:05
4 - 19% - 10% - 8:52
Normal Defense
1 - 36% - 40% - 17:02
2 - 33% - 30% - 15:41
3 - 22% - 20% - 10:31
4 - 8% - 10% - 3:45
PP Forward
1 - 57% - 60% - 3:29
2 - 43% - 40% - 2:37
PP Defense
1 - 60% - 60% - 3:40
2 - 40% - 40% - 2:26
PK Forward
1 - 84% - 60% - 5:34
2 - 16% - 40% - 1:04
PK Defense
1 - 58% - 60% - 3:51
2 - 42% - 40% - 2:47
PK3 Forward
1 - 0% - 60%
2 - 0% - 40%
PK3 Defense
1 - 0% - 60%
2 - 0% - 40%
44 Forward
1 - 100% - 60% - 0:17
2 - 0% - 40% - 0:00
44 Defense
1 - 100% - 60% - 0:17
2 - 0% - 40% - 0:00
Last Minute Offensive - 0:00
Last Minute Defensive - 0:00
Total
Forward - 60:00
Defense - 60:00
|
Play by Play
1st period
0:01 of 1st period - Brian Flynn wins face-off versus Anton Gustafsson in neutral zone.
0:52 of 1st period - Andrej Sustr is hit by Jeremy Welsh and loses puck.
1:11 of 1st period - Snap shot by Nail Yakupov.
1:11 of 1st period - Stopped by Mike McKenna with a rebound.
1:49 of 1st period - Wrist shot by Chris Lawrence.
1:49 of 1st period - Shot Blocked by Yannick Weber.
1:51 of 1st period - Slapshot by Scott Laughton.
1:51 of 1st period - Stopped by Jhonas Enroth with a rebound.
1:53 of 1st period - Snap shot by Scott Laughton.
1:53 of 1st period - Shot Misses the Net.
2:11 of 1st period - Snap shot by Alexander Vasyunov.
2:11 of 1st period - Stopped by Mike McKenna without a rebound.
2:12 of 1st period - Anton Gustafsson wins face-off versus Brian Flynn in Carnivores zone.
2:28 of 1st period - Off-side.
2:29 of 1st period - Scott Laughton wins face-off versus Dana Tyrell in neutral zone.
2:44 of 1st period - Mat Clark is hit by Hugh Jessiman and loses puck.
2:55 of 1st period - Tyson Barrie is hit by Steve Begin.
3:04 of 1st period - Alex Chiasson is hit by Anton Gustafsson and loses puck.
3:35 of 1st period - Snap shot by Brendan Gallagher.
3:35 of 1st period - Deflect By Steve Begin.
3:35 of 1st period - Stopped by Jhonas Enroth with a rebound.
3:53 of 1st period - Wrist shot by Brendan Gallagher.
3:53 of 1st period - Shot Misses the Net.
4:41 of 1st period - Wrist shot by Nail Yakupov.
4:41 of 1st period - Shot Blocked by Steve Begin.
4:43 of 1st period - Snap shot by Robert Klinkhammer.
4:43 of 1st period - Shot Misses the Net.
4:45 of 1st period - Slapshot by Yannick Weber.
4:45 of 1st period - Stopped by Mike McKenna with a rebound.
4:47 of 1st period - Snap shot by Robert Klinkhammer.
4:47 of 1st period - Stopped by Mike McKenna with a rebound.
4:49 of 1st period - Backhand shot by Jordie Benn.
4:49 of 1st period - Stopped by Mike McKenna without a rebound.
4:50 of 1st period - Brian Flynn wins face-off versus Scott Laughton in Carnivores zone.
5:44 of 1st period - Slapshot by Bobby Sanguinetti.
5:44 of 1st period - Stopped by Jhonas Enroth without a rebound.
5:45 of 1st period - Scott Laughton wins face-off versus Shawn Matthias in Little Stars zone.
5:52 of 1st period - David Schlemko is hit by Tyson Barrie and loses puck.
6:11 of 1st period - Hugh Jessiman is hit by Jeremy Williams and loses puck.
6:39 of 1st period - Wrist shot by Mathieu Perreault.
6:39 of 1st period - Stopped by Mike McKenna with a rebound.
6:55 of 1st period - Snap shot by Chris Lawrence.
6:55 of 1st period - Shot Misses the Net.
8:33 of 1st period - Snap shot by Nail Yakupov.
8:33 of 1st period - Shot Blocked by Bobby Sanguinetti.
8:35 of 1st period - Wrist shot by Mathieu Perreault.
8:35 of 1st period - Shot Misses the Net.
8:37 of 1st period - Slapshot by Jordie Benn.
8:37 of 1st period - Shot Blocked by Bobby Sanguinetti.
9:15 of 1st period - Alexander Vasyunov is hit by Anton Gustafsson and loses puck.
9:54 of 1st period - Blake Geoffrion is hit by Robert Klinkhammer.
10:18 of 1st period - Nate Schmidt is hit by Hugh Jessiman and loses puck.
10:51 of 1st period - Nate Schmidt is hit by Andrej Sustr and loses puck.
10:58 of 1st period - Wrist shot by Bobby Sanguinetti.
10:58 of 1st period - Stopped by Jhonas Enroth with a rebound.
11:23 of 1st period - Wrist shot by Blake Geoffrion.
11:23 of 1st period - Deflect By Chris Lawrence.
11:23 of 1st period - Shot Blocked by Mathieu Perreault.
11:23 of 1st period - Puck is out of play.
11:24 of 1st period - Brian Flynn wins face-off versus Anton Gustafsson in Little Stars zone.
11:24 of 1st period - Brian Flynn is hit by David Schlemko.
11:34 of 1st period - Slapshot by Brian Flynn.
11:34 of 1st period - Deflect By Alex Chiasson.
11:34 of 1st period - Shot Misses the Net.
11:34 of 1st period - Puck is out of play.
11:35 of 1st period - Anton Gustafsson wins face-off versus Brian Flynn in Carnivores zone.
11:35 of 1st period - Anton Gustafsson is hit by Shawn Matthias.
11:43 of 1st period - Snap shot by Steve Begin.
11:43 of 1st period - Deflect By Brendan Gallagher.
11:43 of 1st period - Shot Misses the Net.
11:43 of 1st period - Puck is out of play.
11:44 of 1st period - Anton Gustafsson wins face-off versus Brian Flynn in Little Stars zone.
11:57 of 1st period - Snap shot by Anton Gustafsson.
11:57 of 1st period - Shot Misses the Net.
11:59 of 1st period - Wrist shot by Steve Begin.
11:59 of 1st period - Shot Blocked by Brian Flynn.
12:01 of 1st period - Snap shot by Anton Gustafsson.
12:01 of 1st period - Stopped by Jhonas Enroth without a rebound.
12:02 of 1st period - Blake Geoffrion wins face-off versus Dana Tyrell in Little Stars zone.
12:11 of 1st period - Slapshot by Hugh Jessiman.
12:11 of 1st period - Stopped by Mike McKenna with a rebound.
12:13 of 1st period - Slapshot by Hugh Jessiman.
12:13 of 1st period - Shot Misses the Net.
12:27 of 1st period - Shawn Matthias is hit by Nate Schmidt and loses puck.
12:34 of 1st period - Snap shot by Steve Begin.
12:34 of 1st period - Stopped by Jhonas Enroth with a rebound.
12:52 of 1st period - Snap shot by Alexander Vasyunov.
12:52 of 1st period - Goal by Alexander Vasyunov - Little Stars : 1 - Carnivores : 0.
12:53 of 1st period - Brian Flynn wins face-off versus Anton Gustafsson in neutral zone.
13:20 of 1st period - Nate Schmidt is hit by Jordie Benn.
13:24 of 1st period - Jesse Joensuu is hit by David Schlemko and loses puck.
13:49 of 1st period - Icing by Alexander Vasyunov.
13:50 of 1st period - Anton Gustafsson wins face-off versus Mathieu Perreault in Little Stars zone.
14:05 of 1st period - Slapshot by Steve Begin.
14:05 of 1st period - Stopped by Jhonas Enroth with a rebound.
14:28 of 1st period - Minor Penalty to Scott Laughton for Hooking.
14:29 of 1st period - Anton Gustafsson wins face-off versus Shawn Matthias in Carnivores zone.
14:41 of 1st period - Slapshot by Brian Flynn.
14:41 of 1st period - Shot Blocked by Sasha Pokulok.
14:43 of 1st period - Wrist shot by Alex Chiasson.
14:43 of 1st period - Deflect By Brian Flynn.
14:43 of 1st period - Goal by Brian Flynn - Little Stars : 2 - Carnivores : 0.
14:44 of 1st period - Anton Gustafsson wins face-off versus Dana Tyrell in neutral zone.
14:57 of 1st period - Brendan Gallagher is hit by Dana Tyrell and loses puck.
15:06 of 1st period - Minor Penalty to Brendan Gallagher for Slashing.
15:07 of 1st period - Brian Flynn wins face-off versus Anton Gustafsson in Carnivores zone.
15:13 of 1st period - Snap shot by Shawn Matthias.
15:13 of 1st period - Stopped by Mike McKenna with a rebound.
15:15 of 1st period - Wrist shot by Brian Flynn.
15:15 of 1st period - Shot Misses the Net.
15:17 of 1st period - Slapshot by Andrej Sustr.
15:17 of 1st period - Stopped by Mike McKenna with a rebound.
15:19 of 1st period - Snap shot by Andrej Sustr.
15:19 of 1st period - Shot Blocked by Sasha Pokulok.
15:21 of 1st period - Snap shot by Shawn Matthias.
15:21 of 1st period - Shot Misses the Net.
15:23 of 1st period - Slapshot by Brian Flynn.
15:23 of 1st period - Shot Misses the Net.
16:41 of 1st period - Hugh Jessiman is hit by Nate Schmidt and loses puck.
17:06 of 1st period - Penalty to Brendan Gallagher is over, Brendan Gallagher is back on ice.
17:20 of 1st period - Snap shot by Brendan Gallagher.
17:20 of 1st period - Stopped by Jhonas Enroth with a rebound.
17:24 of 1st period - Wrist shot by Brendan Gallagher.
17:24 of 1st period - Stopped by Jhonas Enroth with a rebound.
17:26 of 1st period - Slapshot by Markus Granlund.
17:26 of 1st period - Goal by Markus Granlund - Little Stars : 2 - Carnivores : 1.
17:27 of 1st period - Chris Lawrence wins face-off versus Brian Flynn in neutral zone.
17:30 of 1st period - Slapshot by Scott Laughton.
17:30 of 1st period - Shot Misses the Net.
17:40 of 1st period - Snap shot by Brian Flynn.
17:40 of 1st period - Stopped by Mike McKenna without a rebound.
17:41 of 1st period - Dana Tyrell wins face-off versus Markus Granlund in Carnivores zone.
18:36 of 1st period - Wrist shot by Mathieu Perreault.
18:36 of 1st period - Stopped by Mike McKenna without a rebound.
18:37 of 1st period - Markus Granlund wins face-off versus Dana Tyrell in Carnivores zone.
19:46 of 1st period - Wrist shot by Zack Smith.
19:46 of 1st period - Stopped by Jhonas Enroth with a rebound.
19:48 of 1st period - Snap shot by Zack Smith.
19:48 of 1st period - Shot Misses the Net.
Goals for this period are 2 for Little Stars vs 1 for Carnivores.
Shots for this period are 13 for Little Stars vs 11 for Carnivores.
2nd period
0:01 of 2nd period - Brian Flynn wins face-off versus Steve Begin in neutral zone.
0:07 of 2nd period - Icing by Brendan Gallagher.
0:08 of 2nd period - Brian Flynn wins face-off versus Anton Gustafsson in Carnivores zone.
0:28 of 2nd period - Minor Penalty to Alex Chiasson for Tripping.
0:29 of 2nd period - Alexander Vasyunov wins face-off versus Anton Gustafsson in Little Stars zone.
0:55 of 2nd period - Andrej Sustr is hit by Adam Pelech and loses puck.
2:28 of 2nd period - Penalty to Alex Chiasson is over, Alex Chiasson is back on ice.
3:34 of 2nd period - Anton Gustafsson is hit by Jesper Fast and loses puck.
3:39 of 2nd period - Slapshot by Alex Chiasson.
3:39 of 2nd period - Stopped by Mike McKenna with a rebound.
5:13 of 2nd period - Off-side.
5:14 of 2nd period - Mathieu Perreault wins face-off versus Steve Begin in neutral zone.
5:21 of 2nd period - Slapshot by Andrej Sustr.
5:21 of 2nd period - Shot Blocked by Steve Begin.
5:27 of 2nd period - Jesper Fast is hit by Anton Gustafsson and loses puck.
5:43 of 2nd period - Snap shot by Blake Geoffrion.
5:43 of 2nd period - Shot Hit the Post.
5:45 of 2nd period - Snap shot by Chris Lawrence.
5:45 of 2nd period - Shot Misses the Net.
5:47 of 2nd period - Slapshot by Scott Laughton.
5:47 of 2nd period - Stopped by Jhonas Enroth without a rebound.
5:48 of 2nd period - Markus Granlund wins face-off versus Brian Flynn in Little Stars zone.
5:51 of 2nd period - Snap shot by Jeremy Welsh.
5:51 of 2nd period - Deflect By Markus Granlund.
5:51 of 2nd period - Stopped by Jhonas Enroth with a rebound.
5:53 of 2nd period - Wrist shot by Sasha Pokulok.
5:53 of 2nd period - Shot Blocked by Tyler Wotherspoon.
5:55 of 2nd period - Wrist shot by Sasha Pokulok.
5:55 of 2nd period - Shot Blocked by Shawn Matthias.
5:57 of 2nd period - Slapshot by Markus Granlund.
5:57 of 2nd period - Shot Misses the Net.
5:59 of 2nd period - Wrist shot by Jeremy Williams.
5:59 of 2nd period - Stopped by Jhonas Enroth with a rebound.
6:01 of 2nd period - Slapshot by Mat Clark.
6:01 of 2nd period - Stopped by Jhonas Enroth with a rebound.
6:35 of 2nd period - Brendan Gallagher is hit by Alexander Vasyunov and loses puck.
6:44 of 2nd period - Snap shot by Steve Begin.
6:44 of 2nd period - Goal by Steve Begin - Little Stars : 2 - Carnivores : 2.
6:45 of 2nd period - Anton Gustafsson wins face-off versus Brian Flynn in neutral zone.
7:11 of 2nd period - Slapshot by Yannick Weber.
7:11 of 2nd period - Stopped by Mike McKenna with a rebound.
7:13 of 2nd period - Slapshot by Hugh Jessiman.
7:13 of 2nd period - Stopped by Mike McKenna without a rebound.
7:14 of 2nd period - Scott Laughton wins face-off versus Dana Tyrell in Carnivores zone.
7:25 of 2nd period - Snap shot by Blake Geoffrion.
7:25 of 2nd period - Shot Blocked by Dana Tyrell.
7:27 of 2nd period - Snap shot by Blake Geoffrion.
7:27 of 2nd period - Shot Misses the Net.
8:24 of 2nd period - Wrist shot by Robert Klinkhammer.
8:24 of 2nd period - Shot Misses the Net.
8:26 of 2nd period - Snap shot by Andrej Sustr.
8:26 of 2nd period - Shot Blocked by Nate Schmidt.
8:28 of 2nd period - Slapshot by Niklas Hjalmarsson.
8:28 of 2nd period - Deflect By Robert Klinkhammer.
8:28 of 2nd period - Stopped by Mike McKenna with a rebound.
8:30 of 2nd period - Snap shot by Niklas Hjalmarsson.
8:30 of 2nd period - Stopped by Mike McKenna with a rebound.
8:50 of 2nd period - Snap shot by Hugh Jessiman.
8:50 of 2nd period - Shot Blocked by Nate Schmidt.
9:02 of 2nd period - Wrist shot by Brendan Gallagher.
9:02 of 2nd period - Shot Blocked by Alex Chiasson.
9:04 of 2nd period - Snap shot by Bobby Sanguinetti.
9:04 of 2nd period - Shot Blocked by Shawn Matthias.
9:06 of 2nd period - Snap shot by Brendan Gallagher.
9:06 of 2nd period - Shot Misses the Net.
9:32 of 2nd period - Snap shot by Jesper Fast.
9:32 of 2nd period - Shot Misses the Net.
9:54 of 2nd period - Snap shot by Hugh Jessiman.
9:54 of 2nd period - Stopped by Mike McKenna with a rebound.
10:05 of 2nd period - Off-side.
10:06 of 2nd period - Nail Yakupov wins face-off versus Scott Laughton in neutral zone.
10:17 of 2nd period - Snap shot by Blake Geoffrion.
10:17 of 2nd period - Stopped by Jhonas Enroth without a rebound.
10:18 of 2nd period - Anton Gustafsson wins face-off versus Brian Flynn in Little Stars zone.
10:45 of 2nd period - Niklas Hjalmarsson is hit by Scott Laughton and loses puck.
11:30 of 2nd period - Snap shot by Brian Flynn.
11:30 of 2nd period - Stopped by Mike McKenna without a rebound.
11:31 of 2nd period - Brian Flynn wins face-off versus Anton Gustafsson in Carnivores zone.
12:49 of 2nd period - Slapshot by Niklas Hjalmarsson.
12:49 of 2nd period - Shot Misses the Net.
13:29 of 2nd period - Wrist shot by Dana Tyrell.
13:29 of 2nd period - Stopped by Mike McKenna with a rebound.
13:39 of 2nd period - Mathieu Perreault is hit by Mat Clark and loses puck.
13:58 of 2nd period - Minor Penalty to Daniel O'regan for Tripping.
13:59 of 2nd period - Anton Gustafsson wins face-off versus Alex Chiasson in Little Stars zone.
15:34 of 2nd period - Blake Geoffrion is hit by Yannick Weber and loses puck.
15:58 of 2nd period - Penalty to Daniel O'regan is over, Daniel O'regan is back on ice.
16:25 of 2nd period - Chris Lawrence is hit by Dana Tyrell and loses puck.
16:30 of 2nd period - Wrist shot by Niklas Hjalmarsson.
16:30 of 2nd period - Stopped by Mike McKenna with a rebound.
16:32 of 2nd period - Wrist shot by Hugh Jessiman.
16:32 of 2nd period - Shot Misses the Net.
16:34 of 2nd period - Wrist shot by Dana Tyrell.
16:34 of 2nd period - Shot Misses the Net.
16:46 of 2nd period - Nicolas Kerdiles is hit by Mathieu Perreault.
17:03 of 2nd period - Slapshot by Yannick Weber.
17:03 of 2nd period - Shot Misses the Net.
17:05 of 2nd period - Wrist shot by Daniel O'regan.
17:05 of 2nd period - Shot Misses the Net.
17:07 of 2nd period - Slapshot by Jordie Benn.
17:07 of 2nd period - Stopped by Mike McKenna with a rebound.
17:21 of 2nd period - Shawn Matthias is hit by Mat Clark and loses puck.
17:32 of 2nd period - Wrist shot by Brendan Gallagher.
17:32 of 2nd period - Goal by Brendan Gallagher - Little Stars : 2 - Carnivores : 3.
17:33 of 2nd period - Steve Begin wins face-off versus Brian Flynn in neutral zone.
17:58 of 2nd period - Dana Tyrell is hit by Josh Manson and loses puck.
18:19 of 2nd period - Slapshot by Zack Smith.
18:19 of 2nd period - Shot Misses the Net.
18:21 of 2nd period - Snap shot by Nicolas Kerdiles.
18:21 of 2nd period - Shot Blocked by Alexander Vasyunov.
18:23 of 2nd period - Wrist shot by Mark McNeill.
18:23 of 2nd period - Deflect By Jesper Fast.
18:23 of 2nd period - Stopped by Jhonas Enroth with a rebound.
18:25 of 2nd period - Slapshot by Zack Smith.
18:25 of 2nd period - Shot Blocked by Niklas Hjalmarsson.
18:27 of 2nd period - Wrist shot by Mark McNeill.
18:27 of 2nd period - Stopped by Jhonas Enroth without a rebound.
18:28 of 2nd period - Anton Gustafsson wins face-off versus Brian Flynn in Little Stars zone.
18:29 of 2nd period - Snap shot by Steve Begin.
18:29 of 2nd period - Stopped by Jhonas Enroth with a rebound.
18:37 of 2nd period - Snap shot by Steve Begin.
18:37 of 2nd period - Shot Blocked by Jordie Benn.
18:41 of 2nd period - Snap shot by Steve Begin.
18:41 of 2nd period - Stopped by Jhonas Enroth with a rebound.
19:28 of 2nd period - Slapshot by Tyson Barrie.
19:28 of 2nd period - Deflect By Nail Yakupov.
19:28 of 2nd period - Stopped by Mike McKenna without a rebound.
19:29 of 2nd period - Brian Flynn wins face-off versus Anton Gustafsson in Carnivores zone.
Goals for this period are 0 for Little Stars vs 2 for Carnivores.
Shots for this period are 11 for Little Stars vs 11 for Carnivores.
3rd period
0:01 of 3rd period - Brian Flynn wins face-off versus Anton Gustafsson in neutral zone.
0:12 of 3rd period - Snap shot by Brian Flynn.
0:12 of 3rd period - Shot Blocked by Nate Schmidt.
0:14 of 3rd period - Minor Penalty to Steve Begin for Hooking.
0:15 of 3rd period - Brian Flynn wins face-off versus Anton Gustafsson in Carnivores zone.
0:18 of 3rd period - Snap shot by Brian Flynn.
0:18 of 3rd period - Shot Misses the Net.
0:20 of 3rd period - Wrist shot by Shawn Matthias.
0:20 of 3rd period - Shot Blocked by Brendan Gallagher.
0:22 of 3rd period - Snap shot by Shawn Matthias.
0:22 of 3rd period - Stopped by Mike McKenna without a rebound.
0:23 of 3rd period - Anton Gustafsson wins face-off versus Brian Flynn in Carnivores zone.
0:32 of 3rd period - Snap shot by Shawn Matthias.
0:32 of 3rd period - Shot Blocked by Sasha Pokulok.
0:34 of 3rd period - Wrist shot by Brian Flynn.
0:34 of 3rd period - Shot Misses the Net.
0:36 of 3rd period - Slapshot by Andrej Sustr.
0:36 of 3rd period - Stopped by Mike McKenna with a rebound.
2:14 of 3rd period - Penalty to Steve Begin is over, Steve Begin is back on ice.
2:20 of 3rd period - Wrist shot by Brendan Gallagher.
2:20 of 3rd period - Shot Misses the Net.
2:26 of 3rd period - Markus Granlund is hit by Jesper Fast and loses puck.
2:41 of 3rd period - Brendan Gallagher is hit by Daniel O'regan and loses puck.
4:30 of 3rd period - Mathieu Perreault is hit by Steve Begin and loses puck.
4:54 of 3rd period - Josh Manson is hit by Daniel O'regan and loses puck.
5:23 of 3rd period - Scott Laughton is hit by Dana Tyrell and loses puck.
5:45 of 3rd period - Nail Yakupov is hit by David Schlemko and loses puck.
6:08 of 3rd period - Sasha Pokulok is hit by Alex Chiasson and loses puck.
6:27 of 3rd period - Tyson Barrie is hit by Bobby Sanguinetti and loses puck.
6:41 of 3rd period - Off-side.
6:42 of 3rd period - Scott Laughton wins face-off versus Dana Tyrell in neutral zone.
6:45 of 3rd period - Hugh Jessiman is hit by Scott Laughton and loses puck.
7:07 of 3rd period - Minor Penalty to Mathieu Perreault for Hooking.
7:08 of 3rd period - Alex Chiasson wins face-off versus Anton Gustafsson in Little Stars zone.
7:16 of 3rd period - Backhand shot by Bobby Sanguinetti.
7:16 of 3rd period - Goal by Bobby Sanguinetti - Little Stars : 2 - Carnivores : 4.
7:17 of 3rd period - Steve Begin wins face-off versus Brian Flynn in neutral zone.
7:27 of 3rd period - Off-side.
7:28 of 3rd period - Anton Gustafsson wins face-off versus Shawn Matthias in neutral zone.
7:31 of 3rd period - Slapshot by Nate Schmidt.
7:31 of 3rd period - Stopped by Jhonas Enroth with a rebound.
8:21 of 3rd period - Jordie Benn is hit by Nate Schmidt and loses puck.
8:28 of 3rd period - Wrist shot by Markus Granlund.
8:28 of 3rd period - Shot Blocked by Yannick Weber.
8:44 of 3rd period - Slapshot by Robert Klinkhammer.
8:44 of 3rd period - Shot Blocked by Sasha Pokulok.
9:12 of 3rd period - Tyson Barrie is hit by Brendan Gallagher and loses puck.
9:23 of 3rd period - Snap shot by Jeremy Williams.
9:23 of 3rd period - Stopped by Jhonas Enroth without a rebound.
9:24 of 3rd period - Markus Granlund wins face-off versus Dana Tyrell in Little Stars zone.
9:31 of 3rd period - Wrist shot by Markus Granlund.
9:31 of 3rd period - Stopped by Jhonas Enroth with a rebound.
9:33 of 3rd period - Slapshot by David Schlemko.
9:33 of 3rd period - Stopped by Jhonas Enroth with a rebound.
9:57 of 3rd period - Wrist shot by Anton Gustafsson.
9:57 of 3rd period - Shot Misses the Net.
9:59 of 3rd period - Snap shot by Steve Begin.
9:59 of 3rd period - Stopped by Jhonas Enroth with a rebound.
10:49 of 3rd period - Nicolas Kerdiles is hit by Nail Yakupov.
10:59 of 3rd period - Slapshot by Yannick Weber.
10:59 of 3rd period - Deflect By Mathieu Perreault.
10:59 of 3rd period - Stopped by Mike McKenna without a rebound.
11:00 of 3rd period - Alexander Vasyunov wins face-off versus Anton Gustafsson in Carnivores zone.
11:09 of 3rd period - Mathieu Perreault is hit by Anton Gustafsson and loses puck.
11:33 of 3rd period - Brian Flynn is hit by Scott Laughton and loses puck.
12:52 of 3rd period - Minor Penalty to Jesper Fast for Roughing.
12:53 of 3rd period - Alex Chiasson wins face-off versus Anton Gustafsson in Little Stars zone.
14:10 of 3rd period - Jordie Benn is hit by Brendan Gallagher and loses puck.
14:43 of 3rd period - Alexander Vasyunov is hit by Anton Gustafsson and loses puck.
14:52 of 3rd period - Penalty to Jesper Fast is over, Jesper Fast is back on ice.
15:08 of 3rd period - Snap shot by Hugh Jessiman.
15:08 of 3rd period - Stopped by Mike McKenna with a rebound.
15:38 of 3rd period - Snap shot by Nail Yakupov.
15:38 of 3rd period - Stopped by Mike McKenna with a rebound.
15:40 of 3rd period - Snap shot by Daniel O'regan.
15:40 of 3rd period - Stopped by Mike McKenna with a rebound.
15:42 of 3rd period - Snap shot by Robert Klinkhammer.
15:42 of 3rd period - Shot Blocked by Nicolas Kerdiles.
15:48 of 3rd period - Minor Penalty to Nicolas Kerdiles for Hooking.
15:49 of 3rd period - Anton Gustafsson wins face-off versus Brian Flynn in Carnivores zone.
16:13 of 3rd period - Frederic St-Denis is hit by Yannick Weber and loses puck.
16:24 of 3rd period - Slapshot by Dana Tyrell.
16:24 of 3rd period - Stopped by Mike McKenna with a rebound.
17:22 of 3rd period - Wrist shot by Scott Laughton.
17:22 of 3rd period - Deflect By Blake Geoffrion.
17:22 of 3rd period - Deflect By Jesse Joensuu.
17:22 of 3rd period - Shot Blocked by Niklas Hjalmarsson.
17:22 of 3rd period - Puck is out of play.
17:23 of 3rd period - Brian Flynn wins face-off versus Scott Laughton in Little Stars zone.
17:48 of 3rd period - Penalty to Nicolas Kerdiles is over, Nicolas Kerdiles is back on ice.
17:58 of 3rd period - Snap shot by Jesper Fast.
17:58 of 3rd period - Shot Misses the Net.
18:26 of 3rd period - Off-side.
18:27 of 3rd period - Dana Tyrell wins face-off versus Jeremy Williams in neutral zone.
18:30 of 3rd period - Wrist shot by Dana Tyrell.
18:30 of 3rd period - Stopped by Mike McKenna with a rebound.
19:16 of 3rd period - Minor Penalty to David Schlemko for Tripping.
19:17 of 3rd period - Shawn Matthias wins face-off versus Anton Gustafsson in Carnivores zone.
19:42 of 3rd period - Minor Penalty to Dana Tyrell for High sticking.
19:43 of 3rd period - Anton Gustafsson wins face-off versus Alex Chiasson in Little Stars zone.
19:54 of 3rd period - Wrist shot by Anton Gustafsson.
19:54 of 3rd period - Goal by Anton Gustafsson - Little Stars : 2 - Carnivores : 5.
19:55 of 3rd period - Anton Gustafsson wins face-off versus Alex Chiasson in neutral zone.
Goals for this period are 0 for Little Stars vs 2 for Carnivores.
Shots for this period are 8 for Little Stars vs 7 for Carnivores.
Back to the Top